 Dungeon Crawl Stone Soup version 0.24-a0-250-g6074511 (webtiles) character file.

Game seed: 9561844927891772763

2004 Borgoz the Slicer (level 9, -2/56 HPs)
             Began as a Kobold Gladiator on Apr 14, 2019.
             Was an Initiate of Ashenzari.
             Slain by an orc knight
             ... wielding a +0 broad axe
              (30 damage)
             ... in a bailey.
             The game lasted 00:16:23 (7733 turns).

Borgoz the Slicer (Kobold Gladiator)                Turns: 7733, Time: 00:16:23

Health: -2/56      AC:  8    Str: 11 (14) XL:     9   Next: 45%
Magic:  9/9        EV: 25    Int:  7 (10) God:    Ashenzari [......]
Gold:   354        SH:  0    Dex: 18 (21) Spells: 6/8 levels left

rFire    + . .     SeeInvis +   a - +0 rapier
rCold    . . .     Gourm    .   (shield restricted)
rNeg     . . .     Faith    .   v - +1 leather armour {rPois}
rPois    +         Spirit   .   c - +0 helmet
rElec    .         Reflect  .   (no cloak)
rCorr    .         Harm     .   k - +1 pair of gloves
MR       .....                  (no boots)
Stlth    +++.......             (no amulet)
HPRegen  0.18/turn              i - ring of protection from fire
MPRegen  0.11/turn              l - ring of see invisible

@: agile, very slightly contaminated, invisible
A: small, carnivore
a: Curse Item, Renounce Religion


You were in a bailey.
You worshipped Ashenzari.
Ashenzari was noncommittal.
You were completely stuffed.

You visited 2 branches of the dungeon, and saw 8 of its levels.
You also visited: Bailey.

You collected 354 gold pieces.

Inventory:

Hand Weapons
 a - a +0 rapier (weapon)
Missiles
 h - 30 tomahawks of returning (quivered)
Armour
 c - a +0 helmet (worn)
 k - a +1 pair of gloves (worn)
 v - a +1 leather armour of poison resistance (worn)
Jewellery
 b - an uncursed ring of stealth
 i - a ring of protection from fire (left hand)
 l - a ring of see invisible (right hand)
 n - an uncursed ring of magical power
 x - a +4 ring of intelligence
Wands
 r - a wand of random effects (19)
 s - a wand of flame (12)
Scrolls
 g - 4 scrolls of enchant armour
 o - 2 scrolls of enchant weapon
 p - 2 scrolls of blinking
 q - 2 scrolls of amnesia
Potions
 e - 2 potions of brilliance
 m - 3 potions of haste
 u - a potion of might {unknown}
 A - a potion of ambrosia
Comestibles
 d - 3 chunks of flesh
 f - 14 rations


   Skills:
 + Level 6.8 Fighting
 + Level 8.6 Short Blades
 - Level 2.1 Throwing
 + Level 4.7 Armour
 + Level 7.9 Dodging
 + Level 1.1 Stealth


You had 6 spell levels left.
You knew the following spells:

 Your Spells              Type           Power        Failure   Level  Hunger
a - Blink                 Tloc           N/A          65%         2    ###....

Your spell library contained the following spells:

 Spells                   Type           Power        Failure   Level  Hunger
 Corona                   Hex            #......      52%         1    ##.....
 Infusion                 Chrm           #...         52%         1    ##.....
 Magic Dart               Conj           #...         52%         1    ##.....
 Call Imp                 Summ           #.......     65%         2    ###....
 Ensorcelled Hibernation  Hex/Ice        #.....       65%         2    ###....
 Searing Ray              Conj           #.....       65%         2    ###....
 Shroud of Golubria       Chrm/Tloc      #.........   65%         2    ###....
 Slow                     Hex            #.......     65%         2    ###....
 Song of Slaying          Chrm           #.......     65%         2    ###....
 Confuse                  Hex            #.......     87%         3    ####...
 Conjure Flame            Conj/Fire      #.......     87%         3    ####...
 Dazzling Spray           Conj/Hex       #.....       87%         3    ####...
 Mephitic Cloud           Conj/Pois/Air  #.......     87%         3    ####...
 Regeneration             Chrm/Necr      #.........   87%         3    ####...
 Spectral Weapon          Hex/Chrm       #.......     87%         3    ####...
 Tukima's Dance           Hex            #.......     87%         3    ####...
 Force Lance              Conj/Tloc      #.......     99%         4    #####..
 Fulminant Prism          Conj/Hex       #.........   99%         4    #####..
 Iskenderun's Mystic Bla  Conj           #.......     99%         4    #####..


Dungeon Overview and Level Annotations

Branches:
Dungeon (7/15)             Temple (1/1) D:7

Altars:
Ashenzari
Cheibriados
Dithmenos
Elyvilon
Fedhas
Kikubaaqudgha
Makhleb
Nemelex Xobeh
Qazlal
Trog
Wu Jian
Yredelemnul
Zin
The Shining One

Annotations:
D:6 1 transporter, Gibber's ghost, novice OgBe; Prince Ribbit


Innate Abilities, Weirdness & Mutations

You are small and have problems with some larger weapons.
You are carnivorous and can eat meat at any time.


Message History

It was a potion of degeneration.
There was something very wrong with that liquid.
You feel weakened.
You feel dopey.
You feel clumsy.
The orc knight hits you with a +0 broad axe!
You feel agile all of a sudden.
It was a potion of invisibility.
You fade into invisibility!
The orc knight barely misses you.
You are very lightly contaminated with residual magic.
You closely miss the orc knight.
The orc knight is lightly wounded.
The orc knight barely misses you.
You barely miss the orc knight.
The orc knight is lightly wounded.
You catch the helpless orc knight completely off-guard!
You impale the orc knight!!
The orc knight is heavily wounded.
The orc knight hits you with a +0 broad axe!!
Ouch! That really hurt!
You die...

##.........#####
.##.......##...##
..##.....##.....##
...##'''##...8...##
.....†............##
..).)††÷...........#
.............8).8..#
..............)....#
.####...####....@.##
# ≈≈#####≈≈##..o.##
≈=!8..o8?)≈#.).##
#≈.........≈#'###..♣♣
#≈..8...8..≈#!≈≈≈.K.♣
....... #.≈≈≈K..♣
#o≈≈≈...∩ #.≈≈≈...♣
#.≈≈≈...♣


You could see an orc knight.

Vanquished Creatures
  Grinder (D:4)
  A water moccasin (D:5)
  An orc warrior (Bailey)
  An ice beast (D:5)
  A centaur (D:5)
  An ogre (D:5)
  3 bullfrogs
  2 scorpions
  2 howler monkeys
  A crimson imp (D:5)
  A bullfrog zombie (D:6)
  A quasit (D:7)
  A jelly (D:5)
  4 hounds
  2 orc priests (D:3)
  A centaur skeleton (D:4)
  7 orc wizards
  9 worker ants
  12 adders
  2 oozes
  An adder skeleton (D:4)
  6 worms
  3 dart slugs
  3 leopard geckos (D:1)
  23 orcs
  4 bats (D:1)
  8 giant cockroaches
  10 goblins
  8 hobgoblins
  4 jackals
  13 kobolds
  A quokka (D:3)
  3 ball pythons
  5 frilled lizards
  A jackal skeleton (D:4)
  3 rats (D:1)
150 creatures vanquished.

Notes
Turn   | Place    | Note
-------+----------+-------------------------------------------
     0 | D:1      | Borgoz the Kobold Gladiator began the quest for the Orb.
     0 | D:1      | Reached XP level 1. HP: 12/12 MP: 1/1
    73 | D:1      | Reached XP level 2. HP: 17/18 MP: 2/2
   263 | D:1      | Reached XP level 3. HP: 19/22 MP: 3/3
   439 | D:1      | Reached skill level 1 in Armour
   572 | D:2      | Reached XP level 4. HP: 10/27 MP: 4/4
  1061 | D:2      | Found a bloodstained altar of Trog.
  1587 | D:3      | Reached skill level 5 in Short Blades
  1587 | D:3      | Reached XP level 5. HP: 30/32 MP: 5/5
  1723 | D:3      | Reached XP level 6. HP: 23/37 MP: 6/6
  2056 | D:3      | Reached skill level 5 in Dodging
  2494 | D:4      | Noticed Grinder
  2982 | D:3      | Reached skill level 6 in Short Blades
  2982 | D:3      | Reached XP level 7. HP: 8/43 MP: 7/7
  3681 | D:4      | Paralysed by Grinder for 5 turns
  3688 | D:4      | Killed Grinder
  4073 | D:4      | Reached XP level 8. HP: 48/48 MP: 8/8
  4230 | D:5      | Entered Level 5 of the Dungeon
  4309 | D:5      | Reached skill level 5 in Fighting
  4436 | D:5      | Found a burning altar of Makhleb.
  4457 | D:5      | Reached skill level 7 in Short Blades
  5037 | D:5      | Found a basalt altar of Yredelemnul.
  5966 | D:6      | Noticed Prince Ribbit
  6155 | D:5      | Reached XP level 9. HP: 17/55 MP: 9/9
  6470 | D:6      | Found a transporter.
  6496 | D:6      | Reached skill level 8 in Short Blades
  6510 | D:6      | Noticed Gibber's ghost (novice OgBe)
  6752 | D:6      | Learned a level 2 spell: Blink
  7234 | D:7      | Found a staircase to the Ecumenical Temple.
  7254 | Temple   | Entered the Ecumenical Temple
  7352 | Temple   | Became a worshipper of Ashenzari the Shackled
  7421 | D:7      | Found a flagged portal.
  7430 | Bailey   | Entered a bailey
  7451 | Bailey   | Noticed an orc warlord
  7539 | Bailey   | Reached skill level 1 in Stealth
  7670 | Bailey   | Noticed an orc knight
  7733 | Bailey   | Slain by an orc knight

Levels and vault maps discovered:
D:1:      lemuel_arrival_room, layout_rooms
D:2:      layout_rooms, trog_hazing_becter
D:3:      layout_basic, corner_web_ring
D:4:      layout_rooms, eino_small_chamber_without_monster, uniq_grinder
D:5:      layout_layer_cave, basic_altar, first_ration, minmay_ruined_shrine
D:6:      layout_cave_pools, gammafunk_ghost_stat_death, serial_glass,
          glass_columns_a, glass_columns_b, glass_columns_a, glass_columns_a,
          uniq_prince_ribbit1
D:7:      layout_basic, nicolae_overflow_crystal_walls, temple_pool_b,
          enter_bailey_1, minmay_misc_feat_pillars, grunt_ogre_cave,
          minmay_misc_feat_room
Temple:   roderic_octagonal_lattice_temple
Bailey:   bailey_axe_bossmonster_kennysheep, bailey

Skill      XL: |  1  2  3  4  5  6  7  8  9 |
---------------+----------------------------+-----
Dodging        | 4 5 6 7 |  7.9
Armour         | 1 2 3 4 |  4.7
Fighting       | 3 4 6 |  6.8
Short Blades   | 5 6 7 8 |  8.6
Stealth        | 1 |  1.1
Throwing       | |  2.1

Action                   |  1- 3 |  4- 6 |  7- 9 || total
-------------------------+-------+-------+-------++-------
Melee: Rapier            |    89 |   272 |   551 ||   912
Throw: Throwing net      |       |     3 |     3 ||     6
Evoke: Wand              |       |       |     6 ||     6
  Use: Potion            |     2 |     4 |     6 ||    12
       Scroll            |       |       |    11 ||    11
 Stab: Sleeping          |     2 |       |       ||     2
       Held in net/web   |       |     1 |     1 ||     2
       Invisible         |       |       |     1 ||     1
  Eat: Chunk             |     7 |     8 |    16 ||    31
Armor: Leather armour    |    18 |    56 |    98 ||   172
       Skin              |     2 |       |       ||     2
Dodge: Dodged            |    71 |   221 |   475 ||   767

Table legend:
 A = Non-vault XP
 B = Vault XP
 C = Vault XP percentage of total XP
 D = Non-vault monster count
 E = Vault monster count
 F = Vault count percentage of total count
                 A         B        C        D         E       F
            +---------+---------+-------+---------+---------+-------
      Total |    2178 |     686 |  24.0 |     127 |      23 |  15.3
            +---------+---------+-------+---------+---------+-------
        D:1 |      53 |       0 |   0.0 |      25 |       0 |   0.0
        D:2 |      60 |      11 |  15.5 |      15 |       6 |  28.6
        D:3 |     401 |       0 |   0.0 |      27 |       0 |   0.0
        D:4 |     239 |     249 |  51.0 |      16 |       1 |   5.9
        D:5 |     771 |     264 |  25.5 |      23 |       3 |  11.5
        D:6 |     415 |       0 |   0.0 |      14 |       0 |   0.0
        D:7 |     239 |       0 |   0.0 |       7 |       0 |   0.0
     Bailey |       0 |     162 | 100.0 |       0 |      13 | 100.0
            +---------+---------+-------+---------+---------+-------
